[ AOE2 MATCH · #473022383 ]
UnrankedByzantines vs Maya
[ REPLAY ANALYSIS · EXTRACTED FROM THE RECORDED GAME ]
Feudal
10:08
Castle
23:33
Imperial
36:44
| APM avg | 43.9 |
| APM peak | 103 |
| eAPM avg | 24.2 |
| Villagers / military | 123 / 214 |
Focus
⚔️ 49.5% · 🌾 50.5%
Archer ×193 · Skirmisher ×11 · Trebuchet (Packed) ×7 · Monk ×1 · Spearman ×1 · Fishing Ship ×1
Feudal
11:58
Castle
15:28
Imperial
39:27
| APM avg | 53.3 |
| APM peak | 89 |
| eAPM avg | 25.6 |
| Villagers / military | 138 / 127 |
Focus
⚔️ 35.9% · 🌾 64.1%
Plumed Archer ×113 · Battering Ram ×13 · Transport Ship ×1
Feudal
9:29
Castle
20:56
Imperial
37:51
| APM avg | 55.9 |
| APM peak | 91 |
| eAPM avg | 23.2 |
| Villagers / military | 143 / 202 |
Focus
⚔️ 42.6% · 🌾 57.4%
Archer ×98 · Cavalry Archer ×92 · Hand Cannoneer ×5 · Trebuchet (Packed) ×4 · Militia ×2 · Transport Ship ×1
Feudal
8:47
Castle
21:30
Imperial
39:56
| APM avg | 33.5 |
| APM peak | 76 |
| eAPM avg | 13.3 |
| Villagers / military | 111 / 132 |
Focus
⚔️ 33.5% · 🌾 66.5%
Knight ×116 · Scout Cavalry ×10 · Longboat ×2 · Spearman ×2 · Galley ×1 · Transport Ship ×1
Feudal
8:51
Castle
19:45
Imperial
35:47
| APM avg | 60.4 |
| APM peak | 134 |
| eAPM avg | 24.3 |
| Villagers / military | 127 / 160 |
Focus
⚔️ 35.2% · 🌾 64.8%
Mangudai ×80 · Steppe Lancer ×69 · Monk ×6 · Trebuchet (Packed) ×4 · Spearman ×1
Feudal
8:44
Castle
22:43
Imperial
—
| APM avg | 48.2 |
| APM peak | 97 |
| eAPM avg | 19.9 |
| Villagers / military | 81 / 114 |
Focus
⚔️ 41.9% · 🌾 58.1%
Skirmisher ×42 · Archer ×41 · Elephant Archer ×24 · Monk ×2 · Fire Galley ×2 · Chakram Thrower ×2
Feudal
11:21
Castle
14:58
Imperial
45:30
| APM avg | 47.8 |
| APM peak | 123 |
| eAPM avg | 27.7 |
| Villagers / military | 143 / 134 |
Focus
⚔️ 48.4% · 🌾 51.6%
Knight ×77 · Scout Cavalry ×46 · Galley ×5 · Fire Galley ×5 · Fishing Ship ×5 · Unknown (2626) ×2
Feudal
8:51
Castle
20:21
Imperial
40:26
| APM avg | 55.8 |
| APM peak | 91 |
| eAPM avg | 27.7 |
| Villagers / military | 196 / 146 |
Focus
⚔️ 32.1% · 🌾 67.9%
Knight ×131 · Scout Cavalry ×11 · Monk ×2 · Transport Ship ×2
Match map
Initial resources + every placement click. Lines = walls · curves = elevation contours. ◆ gold · ⬟ stone · ● berries · ✦ relic · ◌ wall gap
Your base· Open — 3t gap
明太宗Judy's base· ✓ Closed at 15:28 · 44t walls · no gate
Jnosh's base· ✓ Closed at 20:56 · 17t walls · no gate
SunnyS's base· ✓ Closed at 21:30 · 40t walls · 1 gate(s)
sci621's base· Open — 4t gap
deev's base· Open — 2t gap
Mau5's base· Open — unwalled flank
Capt. Eadk'an's base· Open — unwalled flank
Smoothed initial terrain · ◌ = detected wall gap · hover for details
Inputs per minute
— The Lawful Virus - - 明太宗Judy
Build order — The Lawful Virus
First 150 of 468 actions detected
| 0:01 | Create | Villager (Male) |
| 0:01 | Create | Villager (Male) |
| 0:02 | Build | House |
| 0:03 | Build | House |
| 0:08 | Create | Villager (Male) |
| 0:08 | Create | Villager (Male) |
| 1:19 | Create | Villager (Male) |
| 1:41 | Create | Villager (Male) |
| 1:46 | Build | Lumber Camp |
| 2:11 | Create | Villager (Male) |
| 2:51 | Create | Villager (Male) |
| 3:18 | Create | Villager (Male) |
| 3:27 | Create | Villager (Male) |
| 3:33 | Build | House |
| 3:43 | Create | Villager (Male) |
| 4:24 | Create | Villager (Male) |
| 4:32 | Create | Villager (Male) |
| 4:44 | Build | Dock |
| 4:49 | Create | Villager (Male) |
| 5:17 | Create | Villager (Male) |
| 5:32 | Create | Villager (Male) |
| 6:21 | Build | Mill |
| 6:34 | Create | Villager (Male) |
| 6:35 | Create | Villager (Male) |
| 6:37 | Research | Loom |
| 6:53 | Create | Fishing Ship |
| 6:59 | Build | House |
| 7:28 | Build | Palisade Wall |
| 7:30 | Build | Palisade Wall |
| 7:58 | Research | Feudal Age |
| 8:37 | Build | Barracks |
| 9:33 | Build | Mining Camp |
| 9:50 | Create | Villager (Male) |
| 10:08 | Age | Feudal Age |
| 10:10 | Build | Archery Range |
| 10:29 | Create | Villager (Male) |
| 10:35 | Create | Spearman |
| 10:44 | Research | Double-Bit Axe |
| 10:46 | Create | Archer |
| 10:50 | Create | Villager (Male) |
| 11:04 | Build | House |
| 11:07 | Create | Villager (Male) |
| 11:30 | Create | Archer |
| 11:51 | Build | Archery Range |
| 11:59 | Create | Villager (Male) |
| 12:21 | Create | Archer |
| 12:32 | Create | Villager (Male) |
| 12:39 | Build | House |
| 12:42 | Build | House |
| 12:58 | Create | Villager (Male) |
| 13:02 | Build | Blacksmith |
| 13:25 | Create | Archer |
| 13:33 | Create | Villager (Male) |
| 13:38 | Research | Fletching |
| 13:45 | Create | Archer |
| 13:47 | Create | Villager (Male) |
| 14:00 | Build | Lumber Camp |
| 14:00 | Create | Villager (Male) |
| 14:04 | Create | Villager (Male) |
| 14:22 | Build | House |
| 14:22 | Build | House |
| 14:29 | Create | Archer |
| 14:36 | Build | Palisade Wall |
| 14:40 | Create | Archer |
| 14:41 | Create | Villager (Male) |
| 14:54 | Create | Archer |
| 14:56 | Create | Villager (Male) |
| 15:14 | Create | Archer |
| 15:42 | Build | House |
| 15:43 | Create | Villager (Male) |
| 15:48 | Build | Mill |
| 15:56 | Build | Farm |
| 16:19 | Build | Farm |
| 16:20 | Research | Horse Collar |
| 16:43 | Research | Padded Archer Armor |
| 16:51 | Create | Archer |
| 16:52 | Create | Villager (Male) |
| 17:03 | Build | Mining Camp |
| 17:07 | Build | Farm |
| 17:07 | Create | Villager (Male) |
| 17:11 | Create | Archer |
| 17:11 | Create | Archer |
| 17:25 | Research | Wheelbarrow |
| 17:25 | Create | Archer |
| 17:49 | Create | Archer |
| 17:49 | Create | Archer |
| 17:58 | Build | Farm |
| 18:10 | Build | Farm |
| 18:11 | Build | Farm |
| 18:29 | Build | Farm |
| 18:31 | Create | Villager (Male) |
| 18:36 | Build | House |
| 18:37 | Build | House |
| 18:39 | Build | House |
| 18:43 | Create | Archer |
| 19:06 | Create | Villager (Male) |
| 19:13 | Build | Mill |
| 19:20 | Create | Archer |
| 19:21 | Create | Archer |
| 19:52 | Build | Farm |
| 20:11 | Build | Market |
| 20:20 | Create | Archer |
| 20:20 | Create | Archer |
| 20:34 | Build | Lumber Camp |
| 20:53 | Research | Castle Age |
| 20:54 | Create | Archer |
| 21:15 | Create | Archer |
| 21:15 | Create | Archer |
| 21:34 | Build | Farm |
| 21:38 | Build | House |
| 21:40 | Build | Palisade Wall |
| 21:43 | Build | House |
| 21:48 | Build | Palisade Wall |
| 22:19 | Create | Archer |
| 22:20 | Create | Archer |
| 22:57 | Research | Gold Mining |
| 22:59 | Create | Archer |
| 22:59 | Create | Archer |
| 23:24 | Create | Archer |
| 23:25 | Create | Archer |
| 23:28 | Create | Villager (Male) |
| 23:33 | Age | Castle Age |
| 23:36 | Build | Town Center |
| 23:38 | Research | Crossbowman (upgrade) |
| 23:40 | Research | Bodkin Arrow |
| 23:55 | Research | Bow Saw |
| 23:57 | Research | Leather Archer Armor |
| 24:08 | Create | Villager (Male) |
| 24:18 | Create | Villager (Male) |
| 24:35 | Create | Villager (Male) |
| 24:48 | Build | University |
| 24:56 | Create | Archer |
| 24:57 | Create | Archer |
| 25:00 | Create | Villager (Male) |
| 25:01 | Create | Villager (Male) |
| 25:31 | Create | Villager (Male) |
| 25:31 | Create | Villager (Male) |
| 25:38 | Create | Archer |
| 25:39 | Create | Archer |
| 25:45 | Create | Archer |
| 25:45 | Create | Archer |
| 25:52 | Create | Archer |
| 25:52 | Create | Archer |
| 25:54 | Create | Villager (Male) |
| 25:54 | Create | Villager (Male) |
| 26:19 | Create | Villager (Male) |
| 26:19 | Create | Villager (Male) |
| 26:44 | Create | Archer |
| 26:44 | Create | Archer |
| 26:47 | Research | Thumb Ring |
Build order — 明太宗Judy
First 150 of 452 actions detected
| 0:02 | Create | Villager (Male) |
| 0:05 | Research | Loom |
| 0:09 | Build | House |
| 0:15 | Build | House |
| 0:29 | Create | Villager (Male) |
| 0:29 | Create | Villager (Male) |
| 0:52 | Create | Villager (Male) |
| 0:53 | Create | Villager (Male) |
| 1:39 | Create | Villager (Male) |
| 1:39 | Create | Villager (Male) |
| 2:18 | Create | Villager (Male) |
| 2:18 | Create | Villager (Male) |
| 2:19 | Create | Villager (Male) |
| 2:28 | Build | Lumber Camp |
| 3:04 | Create | Villager (Male) |
| 3:04 | Create | Villager (Male) |
| 3:05 | Create | Villager (Male) |
| 3:17 | Create | Villager (Male) |
| 3:46 | Build | House |
| 4:20 | Create | Villager (Male) |
| 4:23 | Build | House |
| 4:34 | Create | Villager (Male) |
| 5:00 | Build | Mill |
| 5:07 | Create | Villager (Male) |
| 5:24 | Create | Villager (Male) |
| 5:52 | Create | Villager (Male) |
| 6:15 | Create | Villager (Male) |
| 6:40 | Create | Villager (Male) |
| 7:11 | Create | Villager (Male) |
| 7:37 | Build | Mining Camp |
| 7:39 | Create | Villager (Male) |
| 7:48 | Create | Villager (Male) |
| 7:56 | Build | House |
| 8:24 | Build | Palisade Wall |
| 8:31 | Create | Villager (Male) |
| 8:49 | Build | Palisade Wall |
| 8:56 | Build | Palisade Wall |
| 8:57 | Create | Villager (Male) |
| 9:02 | Build | Palisade Wall |
| 9:08 | Build | Palisade Wall |
| 9:13 | Create | Villager (Male) |
| 9:19 | Build | Palisade Wall |
| 9:30 | Build | Palisade Wall |
| 9:31 | Build | Palisade Wall |
| 9:40 | Build | Palisade Wall |
| 9:41 | Build | Palisade Wall |
| 9:43 | Research | Feudal Age |
| 9:50 | Build | Palisade Wall |
| 9:51 | Build | Palisade Wall |
| 9:58 | Build | Palisade Wall |
| 10:18 | Create | Villager (Male) |
| 11:11 | Create | Villager (Male) |
| 11:58 | Age | Feudal Age |
| 12:00 | Build | Market |
| 12:02 | Build | Blacksmith |
| 12:20 | Build | Watch Tower |
| 12:32 | Build | Palisade Wall |
| 12:47 | Research | Castle Age |
| 12:47 | Research | Castle Age |
| 12:48 | Research | Castle Age |
| 13:07 | Build | Mill |
| 13:19 | Research | Double-Bit Axe |
| 13:19 | Research | Double-Bit Axe |
| 13:42 | Build | House |
| 13:49 | Build | Stone Wall |
| 13:54 | Build | Stone Wall |
| 14:10 | Build | House |
| 14:10 | Build | House |
| 14:18 | Research | Horse Collar |
| 14:18 | Research | Horse Collar |
| 14:39 | Build | House |
| 14:40 | Build | Palisade Wall |
| 14:41 | Build | Palisade Wall |
| 14:45 | Build | House |
| 15:04 | Build | House |
| 15:07 | Research | Gold Mining |
| 15:07 | Research | Gold Mining |
| 15:08 | Create | Villager (Male) |
| 15:20 | Build | House |
| 15:28 | Age | Castle Age |
| 15:39 | Build | House |
| 16:02 | Build | Castle |
| 16:11 | Create | Villager (Male) |
| 16:35 | Create | Villager (Male) |
| 16:40 | Research | Fletching |
| 16:41 | Research | Fletching |
| 16:42 | Create | Villager (Male) |
| 17:05 | Create | Plumed Archer |
| 17:06 | Create | Villager (Male) |
| 17:09 | Build | Farm |
| 17:39 | Create | Plumed Archer |
| 17:41 | Create | Villager (Male) |
| 17:46 | Build | Farm |
| 17:48 | Create | Plumed Archer |
| 17:55 | Create | Villager (Male) |
| 18:02 | Create | Plumed Archer |
| 18:28 | Create | Plumed Archer |
| 18:28 | Create | Villager (Male) |
| 18:38 | Create | Plumed Archer |
| 18:44 | Build | Farm |
| 18:52 | Create | Villager (Male) |
| 18:57 | Create | Villager (Male) |
| 19:00 | Create | Plumed Archer |
| 19:07 | Build | Farm |
| 19:09 | Create | Plumed Archer |
| 19:16 | Create | Villager (Male) |
| 19:24 | Build | Farm |
| 19:38 | Create | Plumed Archer |
| 19:40 | Create | Villager (Male) |
| 19:55 | Create | Plumed Archer |
| 19:59 | Create | Villager (Male) |
| 20:11 | Research | Bodkin Arrow |
| 20:12 | Research | Bodkin Arrow |
| 20:17 | Create | Plumed Archer |
| 20:34 | Create | Plumed Archer |
| 20:35 | Create | Villager (Male) |
| 20:46 | Create | Plumed Archer |
| 20:47 | Create | Villager (Male) |
| 20:59 | Create | Plumed Archer |
| 21:11 | Create | Plumed Archer |
| 21:19 | Create | Plumed Archer |
| 21:20 | Create | Villager (Male) |
| 21:36 | Create | Plumed Archer |
| 21:38 | Create | Villager (Male) |
| 21:43 | Build | Farm |
| 21:44 | Build | Farm |
| 21:45 | Build | Farm |
| 22:12 | Create | Plumed Archer |
| 22:12 | Create | Plumed Archer |
| 22:13 | Create | Villager (Male) |
| 22:19 | Create | Plumed Archer |
| 22:35 | Create | Plumed Archer |
| 22:43 | Create | Villager (Male) |
| 22:46 | Research | Padded Archer Armor |
| 22:46 | Research | Padded Archer Armor |
| 22:47 | Create | Plumed Archer |
| 22:48 | Create | Villager (Male) |
| 23:08 | Create | Plumed Archer |
| 23:16 | Create | Villager (Male) |
| 23:28 | Create | Plumed Archer |
| 23:29 | Create | Villager (Male) |
| 23:38 | Build | Lumber Camp |
| 23:49 | Create | Plumed Archer |
| 23:55 | Create | Plumed Archer |
| 24:33 | Create | Plumed Archer |
| 24:33 | Create | Plumed Archer |
| 24:38 | Create | Villager (Male) |
| 24:50 | Create | Plumed Archer |
| 24:51 | Create | Villager (Male) |
| 25:05 | Build | Town Center |
Build order — Jnosh
First 150 of 446 actions detected
| 0:01 | Create | Villager (Male) |
| 0:01 | Create | Villager (Male) |
| 0:03 | Build | House |
| 0:04 | Build | House |
| 0:14 | Create | Villager (Male) |
| 0:21 | Create | Villager (Male) |
| 0:21 | Create | Villager (Male) |
| 1:28 | Create | Villager (Male) |
| 1:44 | Build | Lumber Camp |
| 1:59 | Create | Villager (Male) |
| 2:25 | Create | Villager (Male) |
| 2:26 | Create | Villager (Male) |
| 2:56 | Create | Villager (Male) |
| 3:25 | Create | Villager (Male) |
| 3:25 | Create | Villager (Male) |
| 3:33 | Build | House |
| 3:34 | Build | House |
| 4:01 | Create | Villager (Male) |
| 4:32 | Create | Villager (Male) |
| 4:43 | Create | Villager (Male) |
| 4:55 | Create | Villager (Male) |
| 5:17 | Create | Villager (Male) |
| 5:35 | Research | Loom |
| 6:13 | Build | Barracks |
| 6:50 | Create | Villager (Male) |
| 7:19 | Research | Feudal Age |
| 7:48 | Build | Mining Camp |
| 8:15 | Create | Villager (Male) |
| 8:48 | Build | House |
| 8:49 | Build | House |
| 8:52 | Build | Palisade Wall |
| 9:29 | Age | Feudal Age |
| 9:31 | Build | Archery Range |
| 9:41 | Build | Archery Range |
| 9:48 | Create | Villager (Male) |
| 9:59 | Create | Villager (Male) |
| 10:03 | Research | Double-Bit Axe |
| 10:15 | Create | Archer |
| 10:16 | Create | Archer |
| 10:37 | Create | Archer |
| 10:37 | Create | Archer |
| 10:41 | Create | Villager (Male) |
| 10:59 | Create | Archer |
| 10:59 | Create | Archer |
| 11:01 | Create | Villager (Male) |
| 11:12 | Build | Blacksmith |
| 11:20 | Create | Archer |
| 11:30 | Create | Villager (Male) |
| 11:30 | Create | Villager (Male) |
| 11:42 | Create | Archer |
| 11:51 | Build | House |
| 11:57 | Build | Palisade Wall |
| 12:02 | Create | Villager (Male) |
| 12:02 | Create | Villager (Male) |
| 12:06 | Create | Archer |
| 12:07 | Create | Archer |
| 12:31 | Create | Villager (Male) |
| 12:42 | Build | Mill |
| 12:48 | Create | Villager (Male) |
| 12:49 | Create | Archer |
| 13:24 | Research | Fletching |
| 13:45 | Create | Villager (Male) |
| 13:48 | Build | Farm |
| 13:51 | Build | Farm |
| 13:53 | Build | Farm |
| 13:54 | Create | Villager (Male) |
| 13:54 | Create | Villager (Male) |
| 14:25 | Create | Archer |
| 14:25 | Create | Archer |
| 14:26 | Create | Villager (Male) |
| 14:32 | Build | House |
| 14:34 | Build | House |
| 14:35 | Build | House |
| 14:37 | Build | Palisade Wall |
| 14:58 | Research | Wheelbarrow |
| 15:05 | Create | Villager (Male) |
| 15:26 | Build | Market |
| 15:31 | Build | Palisade Wall |
| 15:32 | Build | Palisade Wall |
| 15:34 | Build | Palisade Wall |
| 15:34 | Build | Palisade Wall |
| 15:36 | Build | Palisade Wall |
| 15:41 | Build | Palisade Wall |
| 15:42 | Build | Palisade Wall |
| 15:46 | Create | Archer |
| 15:46 | Create | Archer |
| 15:47 | Create | Villager (Male) |
| 15:50 | Create | Villager (Male) |
| 16:08 | Create | Villager (Male) |
| 16:23 | Build | Lumber Camp |
| 16:47 | Create | Archer |
| 16:47 | Create | Archer |
| 16:56 | Create | Villager (Male) |
| 17:26 | Create | Villager (Male) |
| 17:30 | Build | Farm |
| 17:35 | Create | Villager (Male) |
| 17:39 | Build | Farm |
| 17:41 | Build | Farm |
| 17:42 | Create | Villager (Male) |
| 17:48 | Create | Villager (Male) |
| 18:14 | Research | Castle Age |
| 18:34 | Build | Palisade Wall |
| 19:12 | Create | Archer |
| 19:12 | Create | Archer |
| 19:40 | Create | Villager (Male) |
| 20:06 | Create | Archer |
| 20:06 | Create | Archer |
| 20:09 | Create | Villager (Male) |
| 20:21 | Create | Archer |
| 20:21 | Create | Archer |
| 20:39 | Build | Farm |
| 20:40 | Build | Farm |
| 20:44 | Build | House |
| 20:49 | Build | House |
| 20:50 | Build | House |
| 20:52 | Create | Archer |
| 20:56 | Age | Castle Age |
| 21:00 | Research | Bodkin Arrow |
| 21:00 | Research | Bodkin Arrow |
| 21:10 | Create | Villager (Male) |
| 21:15 | Research | Crossbowman (upgrade) |
| 21:16 | Create | Villager (Male) |
| 21:37 | Create | Villager (Male) |
| 21:40 | Create | Archer |
| 21:54 | Build | Town Center |
| 21:59 | Create | Archer |
| 21:59 | Create | Archer |
| 22:11 | Create | Archer |
| 22:24 | Create | Archer |
| 22:33 | Research | Padded Archer Armor |
| 22:39 | Create | Villager (Male) |
| 22:55 | Build | University |
| 23:01 | Build | House |
| 23:02 | Build | House |
| 23:02 | Build | House |
| 23:19 | Create | Archer |
| 23:19 | Create | Archer |
| 23:19 | Create | Archer |
| 23:20 | Create | Villager (Male) |
| 23:20 | Create | Villager (Male) |
| 23:21 | Create | Villager (Male) |
| 23:40 | Create | Archer |
| 23:42 | Create | Villager (Male) |
| 23:59 | Research | Ballistics |
| 24:01 | Create | Archer |
| 24:01 | Create | Archer |
| 24:02 | Create | Villager (Male) |
| 24:13 | Create | Villager (Male) |
| 24:25 | Build | Lumber Camp |
| 24:31 | Create | Archer |
Build order — SunnyS
First 150 of 360 actions detected
| 0:01 | Create | Villager (Male) |
| 0:01 | Create | Villager (Male) |
| 0:02 | Create | Villager (Male) |
| 0:02 | Create | Villager (Male) |
| 0:04 | Build | House |
| 0:05 | Build | House |
| 1:31 | Create | Villager (Male) |
| 2:03 | Create | Villager (Male) |
| 2:03 | Create | Villager (Male) |
| 2:20 | Build | Lumber Camp |
| 2:40 | Create | Villager (Male) |
| 3:08 | Create | Villager (Male) |
| 3:43 | Create | Villager (Male) |
| 4:03 | Build | House |
| 4:10 | Create | Villager (Male) |
| 4:11 | Create | Villager (Male) |
| 4:43 | Create | Villager (Male) |
| 4:59 | Create | Villager (Male) |
| 5:21 | Research | Loom |
| 5:48 | Build | Mill |
| 6:37 | Research | Feudal Age |
| 7:03 | Build | Barracks |
| 7:30 | Create | Villager (Male) |
| 7:31 | Create | Villager (Male) |
| 7:35 | Build | House |
| 8:47 | Age | Feudal Age |
| 8:50 | Build | Stable |
| 8:59 | Create | Villager (Male) |
| 9:03 | Create | Spearman |
| 9:03 | Create | Spearman |
| 9:33 | Build | House |
| 9:34 | Create | Scout Cavalry |
| 9:35 | Create | Scout Cavalry |
| 9:35 | Create | Scout Cavalry |
| 9:48 | Build | House |
| 9:50 | Build | Palisade Wall |
| 9:52 | Create | Villager (Male) |
| 10:08 | Create | Scout Cavalry |
| 10:12 | Build | House |
| 10:34 | Create | Villager (Male) |
| 10:40 | Build | House |
| 10:42 | Build | House |
| 10:51 | Build | Blacksmith |
| 10:52 | Build | House |
| 10:55 | Build | House |
| 11:01 | Create | Scout Cavalry |
| 11:08 | Create | Villager (Male) |
| 11:29 | Build | Farm |
| 11:33 | Create | Villager (Male) |
| 11:41 | Create | Scout Cavalry |
| 11:51 | Build | Palisade Wall |
| 12:04 | Create | Villager (Male) |
| 12:25 | Create | Scout Cavalry |
| 12:27 | Create | Villager (Male) |
| 12:32 | Build | Farm |
| 12:36 | Build | Farm |
| 12:40 | Build | House |
| 12:49 | Create | Villager (Male) |
| 12:54 | Create | Scout Cavalry |
| 13:05 | Build | House |
| 13:07 | Build | Palisade Wall |
| 13:11 | Build | Farm |
| 13:12 | Create | Villager (Male) |
| 13:26 | Create | Scout Cavalry |
| 13:38 | Create | Villager (Male) |
| 14:16 | Research | Scale Barding Armor |
| 14:30 | Create | Villager (Male) |
| 14:34 | Build | Farm |
| 14:36 | Build | Farm |
| 14:39 | Build | Farm |
| 14:41 | Build | Farm |
| 14:42 | Create | Villager (Male) |
| 14:45 | Build | House |
| 14:56 | Create | Scout Cavalry |
| 15:15 | Create | Villager (Male) |
| 15:21 | Create | Villager (Male) |
| 15:24 | Build | House |
| 16:03 | Create | Villager (Male) |
| 16:07 | Build | Mining Camp |
| 16:08 | Create | Villager (Male) |
| 16:10 | Build | House |
| 16:33 | Create | Villager (Male) |
| 17:34 | Create | Villager (Male) |
| 17:35 | Create | Villager (Male) |
| 17:35 | Create | Villager (Male) |
| 17:38 | Build | House |
| 17:47 | Build | Palisade Wall |
| 17:49 | Build | Palisade Wall |
| 18:21 | Build | House |
| 18:26 | Build | Palisade Wall |
| 18:39 | Research | Castle Age |
| 20:15 | Build | Stable |
| 20:42 | Build | Palisade Gate |
| 21:05 | Create | Villager (Male) |
| 21:14 | Research | Double-Bit Axe |
| 21:19 | Research | Horse Collar |
| 21:30 | Age | Castle Age |
| 21:36 | Create | Knight |
| 21:36 | Create | Knight |
| 21:39 | Research | Chain Barding Armor |
| 21:40 | Research | Forging |
| 21:42 | Create | Knight |
| 21:53 | Build | Town Center |
| 22:12 | Create | Knight |
| 22:13 | Create | Knight |
| 22:14 | Create | Villager (Male) |
| 22:14 | Create | Villager (Male) |
| 23:06 | Create | Villager (Male) |
| 23:06 | Create | Villager (Male) |
| 23:07 | Create | Villager (Male) |
| 23:08 | Create | Villager (Male) |
| 23:27 | Build | Farm |
| 24:03 | Build | Town Center |
| 24:05 | Create | Villager (Male) |
| 24:09 | Create | Knight |
| 24:09 | Create | Knight |
| 24:23 | Build | Farm |
| 24:26 | Create | Villager (Male) |
| 24:49 | Build | House |
| 24:51 | Create | Villager (Male) |
| 24:54 | Create | Villager (Male) |
| 25:30 | Create | Knight |
| 25:31 | Create | Knight |
| 25:46 | Create | Knight |
| 25:46 | Create | Knight |
| 25:52 | Build | Farm |
| 25:53 | Build | Farm |
| 26:39 | Create | Knight |
| 26:39 | Create | Knight |
| 26:51 | Research | Heavy Plow |
| 27:10 | Create | Villager (Male) |
| 27:11 | Create | Villager (Male) |
| 27:18 | Create | Villager (Male) |
| 27:18 | Create | Villager (Male) |
| 27:41 | Create | Villager (Male) |
| 28:42 | Create | Knight |
| 28:42 | Create | Knight |
| 28:43 | Create | Knight |
| 28:43 | Create | Knight |
| 28:45 | Create | Villager (Male) |
| 28:45 | Create | Villager (Male) |
| 28:47 | Create | Villager (Male) |
| 28:49 | Build | Farm |
| 29:25 | Build | Farm |
| 29:28 | Build | Farm |
| 29:28 | Create | Villager (Male) |
| 29:30 | Create | Villager (Male) |
| 29:30 | Create | Villager (Male) |
| 29:32 | Create | Villager (Male) |
| 29:32 | Create | Villager (Male) |
Build order — sci621
First 150 of 441 actions detected
| 0:01 | Create | Villager (Male) |
| 0:03 | Build | House |
| 0:14 | Create | Villager (Male) |
| 0:14 | Create | Villager (Male) |
| 0:25 | Create | Villager (Male) |
| 1:12 | Create | Villager (Male) |
| 1:12 | Create | Villager (Male) |
| 1:22 | Build | Lumber Camp |
| 1:35 | Build | House |
| 1:39 | Create | Villager (Male) |
| 1:39 | Create | Villager (Male) |
| 1:39 | Create | Villager (Male) |
| 2:09 | Build | House |
| 2:19 | Create | Villager (Male) |
| 2:19 | Create | Villager (Male) |
| 2:50 | Create | Villager (Male) |
| 3:14 | Create | Villager (Male) |
| 3:15 | Create | Villager (Male) |
| 3:41 | Create | Villager (Male) |
| 3:42 | Create | Villager (Male) |
| 4:01 | Create | Villager (Male) |
| 4:13 | Create | Villager (Male) |
| 5:09 | Create | Villager (Male) |
| 5:34 | Build | Mining Camp |
| 5:48 | Create | Villager (Male) |
| 5:52 | Build | House |
| 6:10 | Research | Loom |
| 6:31 | Build | Palisade Wall |
| 6:36 | Research | Feudal Age |
| 6:55 | Build | Palisade Wall |
| 6:55 | Build | Palisade Wall |
| 6:56 | Build | Palisade Wall |
| 7:18 | Build | House |
| 7:41 | Build | House |
| 8:10 | Create | Villager (Male) |
| 8:10 | Create | Villager (Male) |
| 8:22 | Build | Palisade Wall |
| 8:27 | Create | Villager (Male) |
| 8:28 | Build | Mining Camp |
| 8:48 | Build | Palisade Wall |
| 8:51 | Age | Feudal Age |
| 9:04 | Build | Barracks |
| 9:06 | Build | Palisade Wall |
| 9:18 | Build | Palisade Wall |
| 9:52 | Create | Villager (Male) |
| 10:05 | Create | Villager (Male) |
| 10:25 | Build | Blacksmith |
| 10:33 | Research | Double-Bit Axe |
| 10:36 | Create | Villager (Male) |
| 10:47 | Build | Palisade Wall |
| 11:05 | Create | Spearman |
| 11:20 | Build | House |
| 11:27 | Build | Palisade Wall |
| 11:30 | Build | Palisade Wall |
| 11:40 | Build | Palisade Wall |
| 11:44 | Build | Palisade Gate |
| 11:55 | Create | Villager (Male) |
| 11:55 | Create | Villager (Male) |
| 11:56 | Create | Villager (Male) |
| 12:18 | Build | Watch Tower |
| 12:31 | Build | Watch Tower |
| 12:37 | Build | House |
| 13:01 | Build | House |
| 13:07 | Create | Villager (Male) |
| 13:15 | Create | Villager (Male) |
| 13:15 | Create | Villager (Male) |
| 13:58 | Build | Mill |
| 14:02 | Create | Villager (Male) |
| 14:05 | Build | Palisade Wall |
| 14:23 | Create | Villager (Male) |
| 14:34 | Create | Villager (Male) |
| 14:36 | Build | Lumber Camp |
| 14:54 | Build | Farm |
| 15:09 | Build | Farm |
| 15:50 | Create | Villager (Male) |
| 15:55 | Build | Farm |
| 15:57 | Build | Farm |
| 15:59 | Build | Farm |
| 16:12 | Create | Villager (Male) |
| 16:22 | Build | Market |
| 16:38 | Create | Villager (Male) |
| 16:55 | Research | Castle Age |
| 16:56 | Research | Castle Age |
| 16:56 | Research | Castle Age |
| 17:20 | Build | Farm |
| 17:31 | Build | Palisade Wall |
| 17:33 | Build | Palisade Wall |
| 17:36 | Build | Palisade Wall |
| 17:37 | Build | Palisade Wall |
| 17:38 | Build | Palisade Wall |
| 17:39 | Build | Palisade Wall |
| 17:39 | Build | Palisade Wall |
| 17:43 | Build | Palisade Wall |
| 17:55 | Research | Gold Mining |
| 18:08 | Build | Palisade Wall |
| 18:12 | Build | Farm |
| 18:15 | Build | Farm |
| 18:24 | Build | Palisade Wall |
| 18:32 | Research | Horse Collar |
| 18:51 | Create | Villager (Male) |
| 18:56 | Build | Farm |
| 18:58 | Build | Farm |
| 19:14 | Build | Farm |
| 19:19 | Research | Stone Mining |
| 19:25 | Research | Fletching |
| 19:26 | Research | Padded Archer Armor |
| 19:45 | Age | Castle Age |
| 19:49 | Build | Town Center |
| 19:54 | Research | Bow Saw |
| 19:54 | Create | Villager (Male) |
| 20:11 | Build | Monastery |
| 20:21 | Research | Town Watch |
| 20:32 | Create | Villager (Male) |
| 20:48 | Create | Villager (Male) |
| 20:59 | Create | Monk |
| 21:10 | Create | Villager (Male) |
| 21:14 | Create | Villager (Male) |
| 21:18 | Build | Farm |
| 21:21 | Research | Wheelbarrow |
| 21:27 | Create | Villager (Male) |
| 21:40 | Create | Villager (Male) |
| 21:46 | Research | Heavy Plow |
| 21:50 | Create | Monk |
| 21:59 | Create | Villager (Male) |
| 22:05 | Build | Barracks |
| 22:09 | Build | Archery Range |
| 22:12 | Create | Villager (Male) |
| 22:15 | Create | Villager (Male) |
| 22:18 | Create | Monk |
| 22:28 | Create | Villager (Male) |
| 22:39 | Build | Stable |
| 22:43 | Create | Villager (Male) |
| 22:56 | Create | Villager (Male) |
| 23:03 | Create | Villager (Male) |
| 23:09 | Build | Castle |
| 23:14 | Create | Villager (Male) |
| 23:19 | Build | House |
| 23:40 | Create | Villager (Male) |
| 23:50 | Create | Villager (Male) |
| 23:53 | Build | Farm |
| 23:58 | Build | Farm |
| 24:01 | Research | Bodkin Arrow |
| 24:02 | Create | Villager (Male) |
| 24:19 | Build | Outpost |
| 24:23 | Create | Villager (Male) |
| 24:26 | Create | Villager (Male) |
| 24:37 | Build | Town Center |
| 24:49 | Build | Outpost |
| 24:57 | Create | Villager (Male) |
| 24:57 | Create | Villager (Male) |
Build order — deev
First 150 of 296 actions detected
| 0:01 | Create | Villager (Male) ×4 |
| 0:15 | Build | House |
| 0:24 | Research | Loom |
| 0:24 | Create | Villager (Male) |
| 0:25 | Create | Villager (Male) |
| 0:25 | Create | Villager (Male) |
| 0:25 | Create | Villager (Male) |
| 0:25 | Create | Villager (Male) |
| 1:01 | Build | Mill |
| 1:52 | Create | Villager (Male) |
| 2:10 | Build | House |
| 2:34 | Create | Villager (Male) |
| 2:34 | Create | Villager (Male) |
| 2:59 | Create | Villager (Male) |
| 3:00 | Create | Villager (Male) |
| 3:00 | Create | Villager (Male) |
| 3:50 | Build | Lumber Camp |
| 3:57 | Create | Villager (Male) |
| 3:57 | Create | Villager (Male) |
| 3:57 | Create | Villager (Male) |
| 4:17 | Create | Villager (Male) |
| 4:33 | Build | House |
| 4:39 | Create | Villager (Male) |
| 5:18 | Create | Villager (Male) |
| 5:19 | Create | Villager (Male) |
| 6:34 | Research | Feudal Age |
| 7:18 | Build | House |
| 7:20 | Build | Palisade Wall |
| 7:53 | Build | Barracks |
| 8:02 | Build | Barracks |
| 8:22 | Create | Villager (Male) |
| 8:22 | Create | Villager (Male) |
| 8:23 | Create | Villager (Male) |
| 8:44 | Age | Feudal Age |
| 8:54 | Build | Archery Range |
| 8:56 | Create | Villager (Male) |
| 9:23 | Create | Villager (Male) |
| 9:42 | Create | Archer |
| 9:42 | Create | Archer |
| 9:52 | Create | Villager (Male) |
| 9:54 | Build | Archery Range |
| 10:15 | Build | Mining Camp |
| 10:24 | Create | Villager (Male) |
| 10:34 | Build | House |
| 10:40 | Create | Villager (Male) |
| 10:44 | Create | Skirmisher |
| 10:48 | Create | Skirmisher |
| 10:53 | Research | Double-Bit Axe |
| 11:12 | Create | Archer |
| 11:12 | Create | Archer |
| 11:28 | Build | Blacksmith |
| 11:29 | Build | Palisade Wall |
| 11:30 | Build | Palisade Wall |
| 11:31 | Build | Palisade Wall |
| 11:31 | Build | Palisade Wall |
| 11:39 | Create | Archer |
| 11:39 | Create | Archer |
| 11:41 | Create | Villager (Male) |
| 11:55 | Create | Villager (Male) |
| 11:57 | Build | House |
| 12:02 | Build | Mining Camp |
| 12:12 | Create | Archer |
| 12:13 | Create | Archer |
| 12:43 | Create | Archer |
| 12:43 | Create | Archer |
| 12:55 | Research | Fletching |
| 13:26 | Create | Archer |
| 13:26 | Create | Archer |
| 13:32 | Build | House |
| 13:32 | Build | House |
| 13:33 | Build | House |
| 13:54 | Create | Archer |
| 13:54 | Create | Archer |
| 14:01 | Create | Villager (Male) |
| 14:18 | Create | Archer |
| 14:18 | Create | Archer |
| 14:23 | Create | Villager (Male) |
| 14:35 | Create | Villager (Male) |
| 14:42 | Build | Farm |
| 14:43 | Build | Farm |
| 14:44 | Build | Farm |
| 14:45 | Build | Farm |
| 14:53 | Create | Archer |
| 14:53 | Create | Archer |
| 15:08 | Create | Archer |
| 15:08 | Create | Archer |
| 16:13 | Research | Wheelbarrow |
| 16:13 | Create | Villager (Male) |
| 16:28 | Create | Villager (Male) |
| 16:29 | Create | Archer ×5 |
| 16:38 | Build | Mill |
| 17:04 | Create | Villager (Male) |
| 17:08 | Build | House |
| 17:10 | Build | Palisade Wall |
| 17:15 | Build | Palisade Wall |
| 17:27 | Create | Villager (Male) |
| 17:31 | Research | Padded Archer Armor |
| 18:05 | Build | Farm |
| 19:06 | Create | Archer |
| 19:07 | Create | Archer |
| 19:07 | Create | Archer |
| 19:10 | Create | Villager (Male) |
| 19:13 | Build | Market |
| 19:33 | Create | Archer |
| 19:34 | Create | Archer |
| 19:36 | Create | Archer |
| 19:44 | Build | Farm |
| 20:03 | Research | Castle Age |
| 20:03 | Research | Castle Age |
| 20:28 | Build | Watch Tower |
| 20:41 | Create | Skirmisher |
| 20:42 | Create | Skirmisher |
| 20:55 | Create | Skirmisher |
| 20:56 | Create | Skirmisher |
| 21:46 | Build | Lumber Camp |
| 22:06 | Create | Archer |
| 22:06 | Create | Skirmisher |
| 22:43 | Age | Castle Age |
| 22:45 | Research | Crossbowman (upgrade) |
| 22:45 | Research | Bodkin Arrow |
| 22:57 | Research | Elite Skirmisher (upgrade) |
| 23:00 | Create | Villager (Male) |
| 23:39 | Create | Villager (Male) |
| 23:48 | Research | Bow Saw |
| 23:55 | Build | University |
| 24:02 | Create | Villager (Male) |
| 24:05 | Create | Archer |
| 24:05 | Create | Archer |
| 24:05 | Create | Archer |
| 24:06 | Create | Archer |
| 24:06 | Create | Archer |
| 24:22 | Create | Villager (Male) |
| 24:23 | Create | Villager (Male) |
| 24:32 | Build | House |
| 24:33 | Build | House |
| 25:00 | Research | Town Watch |
| 25:01 | Create | Villager (Male) |
| 25:06 | Research | Ballistics |
| 25:09 | Create | Archer |
| 25:10 | Create | Archer |
| 25:19 | Create | Villager (Male) |
| 25:37 | Create | Archer |
| 25:37 | Create | Skirmisher |
| 25:46 | Build | Mining Camp |
| 25:48 | Create | Villager (Male) |
| 25:53 | Create | Villager (Male) |
| 26:15 | Create | Skirmisher |
| 26:16 | Create | Skirmisher |
| 26:29 | Build | Farm |
| 26:30 | Create | Villager (Male) |
Build order — Mau5
First 150 of 477 actions detected
| 0:01 | Create | Villager (Male) |
| 0:02 | Create | Villager (Male) |
| 0:03 | Build | House |
| 0:05 | Build | House |
| 0:34 | Create | Villager (Male) |
| 0:38 | Create | Villager (Male) |
| 0:38 | Create | Villager (Male) |
| 0:39 | Create | Villager (Male) |
| 1:34 | Create | Villager (Male) |
| 1:34 | Create | Villager (Male) |
| 1:35 | Create | Villager (Male) |
| 1:56 | Create | Villager (Male) |
| 2:12 | Build | Lumber Camp |
| 2:13 | Create | Villager (Male) |
| 2:13 | Create | Villager (Male) |
| 2:14 | Create | Villager (Male) |
| 2:40 | Create | Villager (Male) |
| 2:54 | Create | Villager (Male) |
| 3:25 | Create | Villager (Male) |
| 3:25 | Create | Villager (Male) |
| 3:44 | Create | Villager (Male) |
| 3:44 | Create | Villager (Male) |
| 3:44 | Create | Villager (Male) |
| 3:55 | Build | House |
| 4:15 | Create | Villager (Male) |
| 4:15 | Create | Villager (Male) |
| 4:15 | Create | Villager (Male) |
| 4:30 | Build | Dock |
| 4:35 | Build | House |
| 4:44 | Create | Villager (Male) |
| 4:44 | Create | Villager (Male) |
| 4:44 | Create | Villager (Male) |
| 5:24 | Create | Villager (Male) |
| 5:24 | Create | Villager (Male) |
| 5:24 | Create | Villager (Male) |
| 5:24 | Create | Villager (Male) |
| 5:24 | Create | Villager (Male) |
| 5:24 | Create | Villager (Male) |
| 5:28 | Build | House |
| 6:02 | Create | Fishing Ship |
| 6:02 | Create | Fishing Ship |
| 6:23 | Create | Villager (Male) |
| 6:31 | Build | Lumber Camp |
| 6:44 | Create | Villager (Male) |
| 6:46 | Create | Fishing Ship |
| 6:47 | Create | Fishing Ship |
| 7:05 | Create | Villager (Male) |
| 7:27 | Build | Mill |
| 7:46 | Create | Villager (Male) |
| 7:47 | Create | Villager (Male) |
| 7:55 | Create | Fishing Ship |
| 8:20 | Build | Mining Camp |
| 8:26 | Research | Loom |
| 8:41 | Build | Mill |
| 9:10 | Research | Feudal Age |
| 9:10 | Research | Feudal Age |
| 10:23 | Build | House |
| 11:11 | Create | Villager (Male) |
| 11:11 | Create | Villager (Male) |
| 11:21 | Age | Feudal Age |
| 11:23 | Build | Market |
| 11:24 | Build | Blacksmith |
| 12:18 | Research | Castle Age |
| 12:18 | Research | Castle Age |
| 12:18 | Research | Castle Age |
| 12:37 | Build | Barracks |
| 13:42 | Build | Stable |
| 13:48 | Research | Double-Bit Axe |
| 13:49 | Research | Double-Bit Axe |
| 13:55 | Research | Horse Collar |
| 13:55 | Research | Horse Collar |
| 13:59 | Research | Scale Barding Armor |
| 14:37 | Research | Bloodlines |
| 14:37 | Research | Bloodlines |
| 14:38 | Research | Bloodlines |
| 14:58 | Age | Castle Age |
| 14:59 | Create | Knight |
| 15:00 | Create | Knight |
| 15:04 | Create | Villager (Male) |
| 15:31 | Build | Farm |
| 15:34 | Build | Farm |
| 15:34 | Create | Villager (Male) |
| 15:39 | Create | Villager (Male) |
| 15:49 | Create | Knight |
| 16:21 | Create | Knight |
| 16:22 | Create | Villager (Male) |
| 16:29 | Build | Town Center |
| 16:35 | Build | House |
| 16:37 | Build | House |
| 16:37 | Build | House |
| 16:53 | Create | Villager (Male) |
| 16:53 | Create | Villager (Male) |
| 16:59 | Build | Palisade Wall |
| 17:09 | Build | Palisade Wall |
| 17:11 | Build | Palisade Wall |
| 17:27 | Create | Villager (Male) |
| 17:36 | Build | Farm |
| 17:37 | Build | Farm |
| 17:49 | Create | Knight |
| 17:53 | Create | Villager (Male) |
| 18:23 | Create | Knight |
| 18:32 | Create | Villager (Male) |
| 19:23 | Build | Farm |
| 19:47 | Research | Wheelbarrow |
| 19:47 | Research | Wheelbarrow |
| 19:47 | Research | Wheelbarrow |
| 19:51 | Build | Dock |
| 20:10 | Create | Villager (Male) |
| 20:10 | Create | Villager (Male) |
| 20:27 | Create | Knight |
| 20:42 | Create | Villager (Male) |
| 20:55 | Create | Transport Ship |
| 22:34 | Create | Villager (Male) |
| 22:35 | Create | Villager (Male) |
| 22:35 | Create | Villager (Male) |
| 22:36 | Create | Villager (Male) |
| 23:05 | Build | Lumber Camp |
| 23:06 | Create | Galley |
| 23:09 | Create | Unit 2626 |
| 23:09 | Create | Unit 2626 |
| 23:12 | Create | Galley |
| 23:12 | Create | Galley |
| 23:16 | Create | Villager (Male) |
| 23:16 | Create | Villager (Male) |
| 23:18 | Create | Villager (Male) |
| 23:25 | Create | Knight |
| 23:25 | Create | Knight |
| 23:37 | Create | Villager (Male) |
| 23:37 | Create | Villager (Male) |
| 23:50 | Build | Town Center |
| 23:56 | Build | House |
| 24:00 | Build | Palisade Wall |
| 24:01 | Build | Palisade Wall |
| 24:04 | Research | Bow Saw |
| 24:04 | Research | Bow Saw |
| 24:04 | Research | Bow Saw |
| 24:28 | Research | Chain Barding Armor |
| 24:29 | Research | Chain Barding Armor |
| 24:30 | Research | Forging |
| 24:30 | Research | Forging |
| 24:36 | Create | Knight |
| 24:37 | Create | Knight |
| 24:42 | Create | Villager (Male) |
| 24:42 | Create | Villager (Male) |
| 24:42 | Create | Villager (Male) |
| 24:54 | Create | Galley |
| 24:55 | Create | Galley |
| 25:55 | Create | Knight |
| 25:56 | Create | Knight |
| 25:57 | Create | Villager (Male) |
Build order — Capt. Eadk'an
First 150 of 491 actions detected
| 0:01 | Build | House |
| 0:01 | Create | Villager (Male) |
| 0:02 | Create | Villager (Male) |
| 0:03 | Build | House |
| 0:03 | Create | Villager (Male) |
| 0:03 | Create | Villager (Male) |
| 1:25 | Create | Villager (Male) |
| 1:56 | Create | Villager (Male) |
| 2:18 | Create | Villager (Male) |
| 2:18 | Create | Villager (Male) |
| 2:44 | Create | Villager (Male) |
| 3:10 | Create | Villager (Male) |
| 3:11 | Create | Villager (Male) |
| 3:43 | Create | Villager (Male) |
| 3:43 | Create | Villager (Male) |
| 3:51 | Build | House |
| 3:55 | Create | Villager (Male) |
| 4:16 | Build | Mill |
| 4:27 | Create | Villager (Male) |
| 4:32 | Create | Villager (Male) |
| 5:21 | Create | Villager (Male) |
| 5:53 | Create | Villager (Male) |
| 6:06 | Research | Loom |
| 6:34 | Research | Feudal Age |
| 7:02 | Build | Barracks |
| 7:20 | Create | Villager (Male) |
| 7:33 | Build | House |
| 8:26 | Create | Villager (Male) |
| 8:51 | Age | Feudal Age |
| 8:54 | Build | Stable |
| 9:02 | Research | Horse Collar |
| 9:04 | Create | Villager (Male) |
| 9:05 | Research | Double-Bit Axe |
| 9:06 | Research | Double-Bit Axe |
| 9:17 | Create | Villager (Male) |
| 9:30 | Build | House |
| 9:35 | Create | Scout Cavalry |
| 9:36 | Create | Scout Cavalry |
| 9:51 | Create | Villager (Male) |
| 10:07 | Create | Villager (Male) |
| 10:08 | Create | Scout Cavalry |
| 10:18 | Build | House |
| 10:25 | Create | Scout Cavalry |
| 10:41 | Build | Farm |
| 10:44 | Create | Scout Cavalry |
| 10:50 | Create | Villager (Male) |
| 11:05 | Create | Villager (Male) |
| 11:08 | Build | Farm |
| 11:12 | Create | Villager (Male) |
| 11:32 | Create | Villager (Male) |
| 11:36 | Create | Scout Cavalry |
| 11:36 | Create | Villager (Male) |
| 11:37 | Build | Farm |
| 11:43 | Build | Farm |
| 12:02 | Create | Villager (Male) |
| 12:03 | Build | Farm |
| 12:09 | Create | Villager (Male) |
| 12:12 | Build | House |
| 12:16 | Build | House |
| 12:21 | Create | Scout Cavalry |
| 12:25 | Create | Villager (Male) |
| 12:43 | Create | Villager (Male) |
| 12:45 | Create | Scout Cavalry |
| 12:46 | Create | Villager (Male) |
| 12:46 | Create | Villager (Male) |
| 12:50 | Build | Farm |
| 12:51 | Build | Farm |
| 12:52 | Build | Farm |
| 13:14 | Create | Villager (Male) |
| 13:15 | Build | Farm |
| 13:16 | Create | Villager (Male) |
| 13:20 | Create | Scout Cavalry |
| 13:32 | Create | Villager (Male) |
| 13:34 | Build | Farm |
| 13:39 | Create | Scout Cavalry |
| 13:39 | Create | Scout Cavalry |
| 13:44 | Build | Farm |
| 14:33 | Build | Blacksmith |
| 14:58 | Create | Villager (Male) |
| 15:03 | Build | Mule Cart |
| 15:31 | Create | Villager (Male) |
| 15:32 | Create | Villager (Male) |
| 15:55 | Create | Villager (Male) |
| 16:00 | Research | Wheelbarrow |
| 16:34 | Research | Forging |
| 16:48 | Create | Villager (Male) |
| 17:09 | Build | Mill |
| 17:18 | Create | Villager (Male) |
| 17:29 | Build | Stable |
| 17:36 | Research | Castle Age |
| 17:36 | Research | Castle Age |
| 17:41 | Research | Scale Barding Armor |
| 17:50 | Build | House |
| 18:25 | Create | Villager (Male) |
| 18:49 | Build | Mule Cart |
| 18:50 | Research | Gold Mining |
| 19:54 | Build | Palisade Wall |
| 20:09 | Research | Bloodlines |
| 20:21 | Age | Castle Age |
| 20:22 | Create | Knight |
| 20:23 | Create | Knight |
| 20:23 | Create | Villager (Male) |
| 20:29 | Research | Bow Saw |
| 20:38 | Build | Monastery |
| 20:58 | Research | Town Watch |
| 21:00 | Create | Knight |
| 21:00 | Create | Knight |
| 21:04 | Create | Villager (Male) |
| 21:06 | Research | Husbandry |
| 21:07 | Create | Knight |
| 21:07 | Create | Knight |
| 21:14 | Create | Villager (Male) |
| 21:14 | Create | Villager (Male) |
| 21:32 | Build | House |
| 21:33 | Build | House |
| 21:34 | Build | House |
| 21:39 | Create | Knight |
| 21:39 | Create | Knight |
| 21:50 | Create | Knight |
| 21:50 | Create | Knight |
| 22:11 | Create | Knight |
| 22:15 | Create | Villager (Male) |
| 22:21 | Create | Knight |
| 22:51 | Build | Farm |
| 22:52 | Build | Farm |
| 22:53 | Build | Farm |
| 22:59 | Create | Knight |
| 22:59 | Create | Knight |
| 23:05 | Research | Chain Barding Armor |
| 23:06 | Create | Knight |
| 23:17 | Create | Knight |
| 23:17 | Create | Knight |
| 23:18 | Create | Villager (Male) |
| 23:19 | Create | Villager (Male) |
| 23:19 | Create | Villager (Male) |
| 23:19 | Create | Villager (Male) |
| 23:23 | Build | Farm |
| 23:27 | Build | Farm |
| 23:28 | Build | Farm |
| 23:28 | Build | Farm |
| 23:29 | Build | Farm |
| 23:31 | Create | Villager (Male) |
| 23:31 | Create | Villager (Male) |
| 23:33 | Create | Villager (Male) |
| 23:39 | Create | Villager (Male) |
| 23:41 | Create | Villager (Male) |
| 23:50 | Create | Knight |
| 23:50 | Create | Knight |
| 23:53 | Create | Villager (Male) |
| 23:54 | Create | Villager (Male) |
Match timeline
| 4:30 | Mau5 · first_building Dock |
| 4:44 | The Lawful Virus · first_building Dock |
| 6:13 | Jnosh · first_building Barracks |
| 6:31 | sci621 · wall_segment Palisade Wall x3 |
| 6:55 | sci621 · wall_segment Palisade Wall x1 |
| 6:55 | sci621 · wall_segment Palisade Wall x1 |
| 6:56 | sci621 · wall_segment Palisade Wall x1 |
| 7:02 | Capt. Eadk'an · first_building Barracks |
| 7:03 | SunnyS · first_building Barracks |
| 7:20 | deev · wall_segment Palisade Wall x7 |
| 7:28 | The Lawful Virus · wall_segment Palisade Wall x1 |
| 7:30 | The Lawful Virus · wall_segment Palisade Wall x1 |
| 7:53 | deev · first_building Barracks |
| 8:22 | sci621 · wall_segment Palisade Wall x1 |
| 8:24 | 明太宗Judy · wall_segment Palisade Wall x3 |
| 8:37 | The Lawful Virus · first_building Barracks |
| 8:44 | deev · age_up feudal |
| 8:47 | SunnyS · age_up feudal |
| 8:48 | sci621 · wall_segment Palisade Wall x4 |
| 8:49 | 明太宗Judy · wall_segment Palisade Wall x4 |
| 8:50 | SunnyS · first_building Stable |
| 8:51 | sci621 · age_up feudal |
| 8:51 | Capt. Eadk'an · age_up feudal |
| 8:52 | Jnosh · wall_segment Palisade Wall x3 |
| 8:54 | deev · first_building Archery Range |
| 8:54 | Capt. Eadk'an · first_building Stable |
| 8:56 | 明太宗Judy · wall_segment Palisade Wall x3 |
| 9:02 | 明太宗Judy · wall_segment Palisade Wall x6 |
| 9:04 | sci621 · first_building Barracks |
| 9:06 | sci621 · wall_segment Palisade Wall x1 |
| 9:08 | 明太宗Judy · wall_segment Palisade Wall x1 |
| 9:18 | sci621 · wall_segment Palisade Wall x1 |
| 9:19 | 明太宗Judy · wall_segment Palisade Wall x5 |
| 9:29 | Jnosh · age_up feudal |
| 9:30 | 明太宗Judy · wall_segment Palisade Wall x2 |
| 9:31 | 明太宗Judy · wall_segment Palisade Wall x2 |
| 9:31 | Jnosh · first_building Archery Range |
| 9:40 | 明太宗Judy · wall_segment Palisade Wall x4 |
| 9:41 | 明太宗Judy · wall_segment Palisade Wall x1 |
| 9:50 | 明太宗Judy · wall_segment Palisade Wall x5 |
| 9:50 | SunnyS · wall_segment Palisade Wall x1 |
| 9:51 | 明太宗Judy · wall_segment Palisade Wall x1 |
| 9:58 | 明太宗Judy · wall_segment Palisade Wall x2 |
| 10:08 | The Lawful Virus · age_up feudal |
| 10:10 | The Lawful Virus · first_building Archery Range |
| 10:47 | sci621 · wall_segment Palisade Wall x1 |
| 11:21 | Mau5 · age_up feudal |
| 11:27 | sci621 · wall_segment Palisade Wall x1 |
| 11:29 | deev · wall_segment Palisade Wall x1 |
| 11:30 | sci621 · wall_segment Palisade Wall x1 |
| 11:30 | deev · wall_segment Palisade Wall x1 |
| 11:31 | deev · wall_segment Palisade Wall x1 |
| 11:31 | deev · wall_segment Palisade Wall x1 |
| 11:40 | sci621 · wall_segment Palisade Wall x1 |
| 11:51 | SunnyS · wall_segment Palisade Wall x7 |
| 11:57 | Jnosh · wall_segment Palisade Wall x5 |
| 11:58 | 明太宗Judy · age_up feudal |
| 12:32 | 明太宗Judy · wall_segment Palisade Wall x1 |
| 12:37 | Mau5 · first_building Barracks |
| 13:07 | SunnyS · wall_segment Palisade Wall x4 |
| 13:42 | Mau5 · first_building Stable |
| 13:49 | 明太宗Judy · wall_segment Stone Wall x3 |
| 13:54 | 明太宗Judy · wall_segment Stone Wall x2 |
| 14:05 | sci621 · wall_segment Palisade Wall x1 |
| 14:36 | The Lawful Virus · wall_segment Palisade Wall x1 |
| 14:37 | Jnosh · wall_segment Palisade Wall x1 |
| 14:40 | 明太宗Judy · wall_segment Palisade Wall x1 |
| 14:41 | 明太宗Judy · wall_segment Palisade Wall x1 |
| 14:53 | Mau5 · first_market_sell 100 wood |
| 14:54 | Mau5 · first_market_buy 100 food |
| 14:58 | Mau5 · age_up castle |
| 15:28 | 明太宗Judy · age_up castle |
| 15:31 | Jnosh · wall_segment Palisade Wall x1 |
| 15:32 | Jnosh · wall_segment Palisade Wall x1 |
| 15:34 | Jnosh · wall_segment Palisade Wall x1 |
| 15:34 | Jnosh · wall_segment Palisade Wall x1 |
| 15:36 | Jnosh · wall_segment Palisade Wall x1 |
| 15:41 | Jnosh · wall_segment Palisade Wall x1 |
| 15:42 | Jnosh · wall_segment Palisade Wall x1 |
| 16:02 | 明太宗Judy · first_building Castle |
| 16:59 | Mau5 · wall_segment Palisade Wall x1 |
| 17:09 | Mau5 · wall_segment Palisade Wall x2 |
| 17:10 | deev · wall_segment Palisade Wall x6 |
| 17:11 | Mau5 · wall_segment Palisade Wall x1 |
| 17:15 | deev · wall_segment Palisade Wall x7 |
| 17:31 | sci621 · wall_segment Palisade Wall x1 |
| 17:33 | sci621 · wall_segment Palisade Wall x1 |
| 17:36 | sci621 · wall_segment Palisade Wall x1 |
| 17:37 | sci621 · wall_segment Palisade Wall x1 |
| 17:38 | sci621 · wall_segment Palisade Wall x1 |
| 17:39 | sci621 · wall_segment Palisade Wall x1 |
| 17:39 | 明太宗Judy · first_market_buy 100 wood |
| 17:39 | sci621 · wall_segment Palisade Wall x1 |
| 17:43 | sci621 · wall_segment Palisade Wall x1 |
| 17:47 | SunnyS · wall_segment Palisade Wall x14 |
| 17:49 | SunnyS · wall_segment Palisade Wall x2 |
| 17:58 | Jnosh · first_market_buy 100 food |
| 18:04 | Jnosh · first_market_sell 100 wood |
| 18:08 | sci621 · wall_segment Palisade Wall x1 |
| 18:24 | sci621 · wall_segment Palisade Wall x1 |
| 18:26 | SunnyS · wall_segment Palisade Wall x12 |
| 18:34 | Jnosh · wall_segment Palisade Wall x1 |
| 19:45 | sci621 · age_up castle |
| 19:54 | Capt. Eadk'an · wall_segment Palisade Wall x3 |
| 20:02 | deev · first_market_buy 100 food |
| 20:11 | sci621 · first_building Monastery |
| 20:21 | Capt. Eadk'an · age_up castle |
| 20:38 | Capt. Eadk'an · first_building Monastery |
| 20:56 | Jnosh · age_up castle |
| 21:30 | SunnyS · age_up castle |
| 21:40 | The Lawful Virus · wall_segment Palisade Wall x1 |
| 21:48 | The Lawful Virus · wall_segment Palisade Wall x4 |
| 22:09 | sci621 · first_building Archery Range |
| 22:39 | sci621 · first_building Stable |
| 22:43 | deev · age_up castle |
| 23:09 | sci621 · first_building Castle |
| 23:33 | The Lawful Virus · age_up castle |
| 24:00 | Mau5 · wall_segment Palisade Wall x1 |
| 24:01 | Mau5 · wall_segment Palisade Wall x1 |
| 24:39 | The Lawful Virus · first_market_sell 100 stone |
| 24:40 | The Lawful Virus · first_market_buy 100 wood |
| 24:49 | deev · first_market_sell 100 stone |
| 24:55 | Jnosh · first_building Monastery |
| 26:06 | 明太宗Judy · first_market_sell 100 food |
| 27:09 | Mau5 · wall_segment Palisade Wall x1 |
| 30:09 | 明太宗Judy · first_building Dock |
| 30:16 | deev · first_building Dock |
| 30:34 | SunnyS · first_building Dock |
| 32:13 | The Lawful Virus · first_building Monastery |
| 32:36 | sci621 · first_market_buy 100 food |
| 32:57 | Capt. Eadk'an · first_building Dock |
| 34:39 | SunnyS · first_building Monastery |
| 35:47 | sci621 · age_up imperial |
| 36:12 | The Lawful Virus · first_building Castle |
| 36:33 | Capt. Eadk'an · first_market_sell 100 food |
| 36:35 | deev · first_building Castle |
| 36:44 | The Lawful Virus · age_up imperial |
| 37:43 | deev · wall_segment Stone Wall x1 |
| 37:46 | deev · wall_segment Stone Wall x1 |
| 37:51 | Jnosh · age_up imperial |
| 38:00 | sci621 · wall_segment Stone Wall x1 |
| 38:03 | sci621 · wall_segment Stone Wall x1 |
| 39:27 | 明太宗Judy · age_up imperial |
| 39:43 | 明太宗Judy · first_building Barracks |
| 39:54 | Jnosh · first_building Dock |
| 39:54 | The Lawful Virus · tribute_sent a jugador 1 |
| 39:54 | The Lawful Virus · tribute_sent a jugador 3 |
| 39:54 | The Lawful Virus · tribute_sent a jugador 4 |
| 39:54 | The Lawful Virus · tribute_sent a jugador 5 |
| 39:54 | The Lawful Virus · tribute_sent a jugador 6 |
| 39:54 | The Lawful Virus · tribute_sent a jugador 7 |
| 39:54 | The Lawful Virus · tribute_sent a jugador 8 |
| 39:56 | SunnyS · age_up imperial |
| 40:26 | Capt. Eadk'an · age_up imperial |
| 40:39 | SunnyS · first_building Castle |
| 40:56 | Mau5 · first_building Castle |
| 41:08 | Jnosh · first_building Castle |
| 43:11 | 明太宗Judy · first_building Siege Workshop |
| 43:11 | Capt. Eadk'an · first_building Castle |
| 44:05 | The Lawful Virus · tribute_sent a jugador 1 |
| 44:05 | The Lawful Virus · tribute_sent a jugador 3 |
| 44:05 | The Lawful Virus · tribute_sent a jugador 4 |
| 44:05 | The Lawful Virus · tribute_sent a jugador 5 |
| 44:05 | The Lawful Virus · tribute_sent a jugador 6 |
| 44:05 | The Lawful Virus · tribute_sent a jugador 7 |
| 44:05 | The Lawful Virus · tribute_sent a jugador 8 |
| 44:29 | deev · first_building Monastery |
| 45:14 | Mau5 · wall_segment Palisade Wall x1 |
| 45:21 | Capt. Eadk'an · first_market_buy 100 wood |
| 45:30 | Mau5 · age_up imperial |
| 49:03 | deev · resign |
[ AI ANALYSIS · 1 CREDIT ]
What really happened in this match?
Wolo.gg analyzes every decision: build order, eco, micro, common mistakes by bracket. Personalized analysis on WhatsApp or Discord in 30 seconds.
Civ guide
Byzantines
Perfil
Jugador #205765